 Dungeon Crawl Stone Soup version 0.14-a0-2001-g390038d (webtiles) character file.

163 Kae the Firebug (level 4, 0/24 HPs)
             Began as a Tengu Fire Elementalist on Jan 18, 2014.
             Slain by epsilon's ghost (2 damage)
             ... on Level 3 of the Dungeon.
             The game lasted 00:03:22 (2594 turns).

Kae the Firebug (Tengu Fire Elementalist)           Turns: 2594, Time: 00:03:22

HP   0/24        AC  3     Str  9      XL: 4   Next: 33%
MP   1/8         EV 12     Int 16      God:
Gold 86          SH  0     Dex 14      Spells:  3 memorised,  1 level left

rFire  . . .     SeeInvis .     f - +0 short sword
rCold  . . .     Clarity  .     a - +0 robe
rNeg   . . .     Conserve .     (no shield)
rPois  .         rCorr    .     (helmet restricted)
rElec  .         rRot     .     g - +0 orc cloak
SustAb . .       Spirit   .     (no gloves)
rMut   .         Warding  .     (boots unavailable)
Saprov . . .     Stasis   .     (no amulet)
MR     .....                    (no ring)
                                (no ring)

@: not resistant to hostile enchantments, fairly stealthy
A: beak, talons 3
a: no special abilities


You were on level 3 of the Dungeon.
You were very hungry.

You visited 1 branch of the dungeon, and saw 3 of its levels.

You collected 86 gold pieces.

Inventory:

Hand weapons
 f - a +0,+0 short sword (weapon)
Armour
 a - a +0 robe (worn)
 g - a +0 orcish cloak (worn)
Comestibles
 c - 3 bread rations
 d - 3 meat rations
 k - an apple
 l - a choko
Scrolls
 e - 4 scrolls of identify
 h - a scroll of magic mapping
 i - a scroll of curse jewellery
 j - a scroll of curse armour
Books
 b - a book of Flames

   Spells                             Type                      Level
   *Flame Tongue                      Conjuration/Fire             1
   *Throw Flame                       Conjuration/Fire             2
   *Conjure Flame                     Conjuration/Fire             3
   Inner Flame                        Hexes/Fire                   3
   Sticky Flame                       Conjuration/Fire             4
   Fireball                           Conjuration/Fire             5


   Skills:
 - Level 2.1 Dodging
 - Level 2.0 Stealth
 - Level 2.0 Spellcasting
 + Level 3.7 Conjurations
 + Level 4.5 Fire Magic


You had one spell level left.
You knew the following spells:

 Your Spells              Type           Power        Failure   Level  Hunger
a - Flame Tongue          Conj/Fire      ##...        4%          1    #......
b - Throw Flame           Conj/Fire      ##....       8%          2    ###....
c - Conjure Flame         Conj/Fire      ##......     12%         3    ####...


Dungeon Overview and Level Annotations

Branches:
Dungeon (3/16)

Altars:

Annotations:
D:3 Jessica; epsilon's ghost, average GrFi


Innate Abilities, Weirdness & Mutations

You have a beak for a mouth.
You have claws for feet.


Message History

You claw epsilon's ghost.
Epsilon's ghost is severely damaged.
Epsilon's ghost hits you.
You hit epsilon's ghost. Your kick misses epsilon's ghost.
You peck epsilon's ghost, but do no damage.
Epsilon's ghost is severely damaged.
Epsilon's ghost hits you! Epsilon's ghost misses you.
You hit epsilon's ghost but do no damage.
You claw epsilon's ghost.
Epsilon's ghost is almost destroyed.
Epsilon's ghost closely misses you.
You barely miss epsilon's ghost.
Epsilon's ghost is almost destroyed.
Epsilon's ghost hits you!
Ouch! That really hurt!
* * * LOW HITPOINT WARNING * * *
You hit epsilon's ghost but do no damage.
Epsilon's ghost is almost destroyed.
Epsilon's ghost hits you.
You die...

....######.<.......#
#.........#
#.........#
####.###### #..#
##.# #.# #p#
#####@#####
#.........#
#...<.....#
#......[..#
...............#
####.........###
#.........#
###########


You could see epsilon's ghost.

Vanquished Creatures
  Terence (D:2)
  An adder (D:2)
  A giant gecko (D:1)
  An ooze (D:2)
  3 ball pythons
  5 giant cockroaches
  5 goblins
  8 hobgoblins
  A quokka (D:2)
  9 bats
  4 giant newts
  6 kobolds
  5 rats
50 creatures vanquished.

Notes
Turn   | Place    | Note
--------------------------------------------------------------
     0 | D:1      | Kae, the Tengu Fire Elementalist, began the quest for the Orb.
     0 | D:1      | Reached XP level 1. HP: 10/10 MP: 3/3
   408 | D:1      | Reached XP level 2. HP: 15/15 MP: 3/5
   932 | D:1      | Reached XP level 3. HP: 19/19 MP: 0/7
  1007 | D:1      | Reached skill level 4 in Fire Magic
  1668 | D:2      | Reached XP level 4. HP: 24/24 MP: 4/8
  1940 | D:2      | Noticed Terence
  1960 | D:2      | Killed Terence
  2469 | D:3      | Learned a level 2 spell: Throw Flame
  2473 | D:3      | Learned a level 3 spell: Conjure Flame
  2485 | D:3      | Noticed epsilon's ghost (average GrFi)
  2489 | D:3      | Noticed Jessica
  2594 | D:3      | Slain by epsilon's ghost

Action                   |  1- 3 |  4- 6 || total
-------------------------+-------+-------++-------
Melee: Unarmed           |    30 |       ||    30
       Short sword       |    28 |    24 ||    52
 Cast: Flame Tongue      |    72 |    28 ||   100
       Conjure Flame     |       |     2 ||     2
  Use: Scroll            |       |     2 ||     2
 Stab: Sleeping          |     1 |       ||     1
